 Dungeon Crawl Stone Soup version 0.26-b1-59-ge38874ec40 (webtiles) character file.

Game seed: 3195579553542110517

8302 oldmanjim the Cleaver (level 11, -12/92 HPs)
             Began as a Hill Orc Monk on Jan 7, 2021.
             Was an Elder of Beogh.
             Mangled by a two-headed ogre
             ... wielding a +0 giant club
              (17 damage)
             ... on level 11 of the Dungeon on Jan 8, 2021.
             The game lasted 02:07:53 (12097 turns).

oldmanjim the Cleaver (Hill Orc Monk)              Turns: 12097, Time: 02:07:54

Health: -12/92     AC: 14    Str: 18    XL:     11   Next: 28%
Magic:  12/17      EV:  3    Int: 10    God:    Beogh [****..]
Gold:   786        SH: 17    Dex: 13    Spells: 10/10 levels left

rFire    . . .     SeeInvis .   a - +0 war axe
rCold    + . .     Faith    .   q - +0 tower shield
rNeg     . . .     Spirit   .   Q - +0 plate armour
rPois    .         Reflect  .   r - +2 helmet
rElec    .         Harm     .   (no cloak)
rCorr    +         Rampage  .   (no gloves)
Will     .....                  (no boots)
Stlth    ..........             B - amulet of the acrobat
HPRegen  0.25/turn              E - ring of resist corrosion
MPRegen  0.15/turn              C - ring of protection from cold

@: recalling
A: no striking features
a: Renounce Religion, Smiting, Stop Recall


You were on level 11 of the Dungeon.
You worshipped Beogh.
Beogh was greatly pleased with you.
You visited 2 branches of the dungeon, and saw 13 of its levels.

You collected 786 gold pieces.

Inventory:

Hand Weapons
 a - a +0 war axe (weapon)
 b - a +0 hunting sling
 z - a +0 halberd
Missiles
 g - 2 boomerangs of dispersal
 j - 15 boomerangs
 o - 68 sling bullets
 s - 32 poisoned darts
 G - 6 javelins
 K - 3 throwing nets
 L - 3 atropa-tipped darts (quivered)
Armour
 c - a +0 leather armour of willpower
 q - a +0 tower shield (worn)
 r - a +2 helmet (worn)
 Q - a +0 plate armour (worn)
Jewellery
 p - an uncursed ring of wizardry
 B - an amulet of the acrobat (around neck)
 C - a ring of protection from cold (right hand)
 E - a ring of resist corrosion (left hand)
 M - an uncursed ring of flight
Wands
 x - a wand of polymorph (12)
 A - a wand of paralysis (13)
 P - a wand of flame (12)
Scrolls
 d - a scroll of holy word {unknown}
 h - 5 scrolls of remove curse
 k - 7 scrolls of amnesia
 t - a scroll of random uselessness {unknown}
 u - 3 scrolls of noise {unknown}
 w - 3 scrolls of immolation {unknown}
 y - 4 scrolls of enchant weapon {unknown}
 D - 3 scrolls of blinking {unknown}
 H - 4 scrolls of teleportation {unknown}
 N - a scroll of enchant armour
 O - a scroll of summoning {unknown}
 R - a scroll of fog
 S - 3 scrolls of identify
Potions
 e - 4 potions of brilliance
 f - 3 potions of heal wounds
 i - 3 potions of lignification
 l - 5 potions of curing
 m - 2 potions of mutation
 n - 2 potions of resistance
 F - 3 potions of haste
 I - a potion of flight
 J - 2 potions of magic


   Skills:
 - Level 7.0 Fighting
 * Level 14.8 Axes
 + Level 2.1 Armour
 - Level 2.4 Dodging
 - Level 1.5 Stealth
 + Level 10.2 Shields
 + Level 8.3 Invocations


You had 10 spell levels left.
You didn't know any spells.
Your spell library contained the following spells:

 Spells                   Type           Power        Failure   Level
 Animate Skeleton         Necr           0%           100%        1
 Apportation              Tloc           0%           100%        1
 Corona                   Hex            0%           100%        1
 Magic Dart               Conj           0%           100%        1
 Summon Small Mammal      Summ           0%           100%        1
 Blink                    Tloc           N/A          100%        2
 Call Imp                 Summ           0%           100%        2
 Ensorcelled Hibernation  Hex/Ice        0%           100%        2
 Slow                     Hex            0%           100%        2
 Confusing Touch          Hex            0%           100%        3
 Conjure Flame            Conj/Fire      0%           100%        3
 Dazzling Flash           Conj/Hex       0%           100%        3
 Gell's Gravitas          Tloc           0%           100%        3
 Mephitic Cloud           Conj/Pois/Air  0%           100%        3
 Tukima's Dance           Hex            0%           100%        3
 Petrify                  Tmut/Erth      0%           100%        4
 Metabolic Englaciation   Hex/Ice        0%           100%        5
 Yara's Violent Unravell  Hex/Tmut       0%           100%        5


Dungeon Overview and Level Annotations

Branches:
Dungeon (12/15)            Temple (1/1) D:5            Lair (0/6) D:8
    Orc (0/2) D:12

Altars:
Ashenzari
Cheibriados
Dithmenos
Elyvilon
Fedhas
Gozag
Hepliaklqana
Kikubaaqudgha
Makhleb
Nemelex Xobeh
Okawaru
Qazlal
Ru
Sif Muna
Trog
Uskayaw
Vehumet
Wu Jian
Xom
Yredelemnul
Zin
The Shining One

Shops:
D:7 *

Portals:
Trove: D:12 (give 18 potions of curing)

Annotations:
D:7 exclusion: downstairs


Message History

* * * LOW HITPOINT WARNING * * *
The two-headed ogre hits you with a +0 giant club!
* * * LOW HITPOINT WARNING * * *
Your orc knight roars a battlecry!
Your orcs go into a battle-frenzy!
Your orc sorcerer hits the phantom with a +1 dagger of flaming!
Your orc sorcerer burns the phantom.
The bullfrog hits you but does no damage.
You slash the bullfrog!
The bullfrog is heavily wounded.
You hit the two-headed ogre but do no damage.
Your orc warrior is recalled.
Your orc is recalled.
Your orc warrior hits the two-headed ogre with a +0 flail!
Beogh accepts your kill.
You feel a bit more experienced. You block the bullfrog's attack.
Your orc knight closely misses the phantom.
The two-headed ogre hits you with a +0 giant club.
* * * LOW HITPOINT WARNING * * *
The two-headed ogre hits you with a +0 giant club!
You die...

*,*,*,**,*,,,,,,,,,,*
,***+***,*..##...##**
**8,,,8***,.......,*
,,,,,,,,,,,,......,*
,,,,,*,*****,.4...,*
,*****,*,*****ooo#**
,*****,,*,** *,oW#
,,,,,,,,,*,* **#F#
,,,,,,,,,,*****#@#
********,.....oOo#
**#########


You could see a two-headed ogre, a phantom, a bullfrog, a friendly orc knight, a
friendly rust devil (summoned), a friendly orc sorcerer (strong), 2 friendly orc
warriors, a friendly orc priest (strong) and a friendly orc.

Vanquished Creatures
  Josephine (D:11)
  An unseen horror (D:10)
  Maggie (D:8)
  Grinder (D:5)
  A hornet (D:11)
  2 wraiths (D:11)
  3 yaks (D:10)
  A water moccasin (D:9)
  An ice beast (D:5)
  2 sky beasts
  A necrophage (D:9)
  2 black bears (D:8)
  3 ogres (D:4)
  2 orc warriors
  A phantom (D:5)
  2 centaurs
  2 bullfrogs
  A gnoll sergeant (D:7)
  A scorpion (D:7)
  A water moccasin skeleton (D:10)
  11 killer bees
  2 howler monkeys
  A wight (D:8)
  A quasit (D:6)
  7 orc priests
  5 hounds
  A centaur skeleton (D:7)
  A jelly (D:6)
  2 iguanas (D:6)
  Terence (D:3)
  Jessica (D:3)
  5 orc wizards
  7 worker ants
  2 hound skeletons
  A mummy (D:6)
  Robin (D:2)
  8 gnolls
  A howler monkey skeleton (D:4)
  5 adders
  2 shadow imps
  2 ufetubi
  2 oozes
  An adder zombie (D:5)
  4 worms
  3 dart slugs
  3 leopard geckos
  23 orcs
  2 giant cockroaches
  14 goblins
  12 hobgoblins
  6 jackals (D:1)
  2 quokkas
  A ball python (D:3)
  8 bats
  6 frilled lizards
  A jackal skeleton (D:6)
  12 kobolds
  A leopard gecko skeleton (D:4)
  A quokka skeleton (D:5)
  6 rats
205 creatures vanquished.

Vanquished Creatures (collateral kills)
  Gastronok (D:8)
  A two-headed ogre (D:8)
  2 wraiths (D:11)
  2 black bears (D:8)
  2 ogres
  2 centaurs
  A bullfrog (D:8)
  A scorpion (D:8)
  2 killer bees
  5 wights
  A centaur zombie (D:10)
  A hound (D:9)
  2 orc wizards
  3 orc priests (D:9)
  A bullfrog skeleton (D:8)
  2 iguanas (D:8)
  A worker ant (D:8)
  A howler monkey skeleton (D:8)
  5 adders
  2 shadow imps
  A white imp (D:8)
  An ufetubus (D:8)
  An adder zombie (D:8)
  An adder skeleton (D:9)
  A leopard gecko (D:8)
  An orc (D:11)
  2 giant cockroaches
  A jackal zombie (D:6)
47 creatures vanquished.

Vanquished Creatures (others)
  2 orc wizards
  2 worker ants (D:6)
  4 orcs
  12 fungi (D:8)
  13 plants (D:8)
33 creatures vanquished.

Grand Total: 285 creatures vanquished

Notes
Turn   | Place    | Note
-------+----------+-------------------------------------------
     0 | D:1      | oldmanjim the Hill Orc Monk began the quest for the Orb.
     0 | D:1      | Reached XP level 1. HP: 19/19 MP: 1/1
   330 | D:1      | Reached XP level 2. HP: 23/27 MP: 2/2
   736 | D:1      | Reached XP level 3. HP: 33/33 MP: 3/3
   833 | D:1      | Reached skill level 5 in Axes
  1779 | D:2      | Reached XP level 4. HP: 41/41 MP: 4/4
  1912 | D:2      | Noticed Robin
  1919 | D:2      | Killed Robin
  2118 | D:3      | Noticed Jessica
  2233 | D:3      | Reached skill level 1 in Shields
  2336 | D:3      | Noticed Terence
  2351 | D:3      | Killed Terence
  2352 | D:3      | Reached skill level 6 in Axes
  2352 | D:3      | Reached XP level 5. HP: 47/47 MP: 5/5
  2804 | D:3      | Found a sparkling altar of Nemelex Xobeh.
  2912 | D:3      | Killed Jessica
  2913 | D:3      | Reached skill level 5 in Fighting
  3241 | D:3      | Found an ancient bone altar of Kikubaaqudgha.
  3417 | D:4      | Became a worshipper of Beogh the Brigand
  3417 | D:4      | Reached * piety under Beogh
  3417 | D:4      | Reached ** piety under Beogh
  3504 | D:4      | Noticed an ogre
  3689 | D:4      | Noticed an ogre
  3705 | D:4      | Killed an ogre
  3706 | D:4      | Reached XP level 6. HP: 39/56 MP: 6/6
  3958 | D:4      | Reached skill level 7 in Axes
  4039 | D:4      | Reached XP level 7. HP: 59/63 MP: 7/7
  4069 | D:4      | Found a glowing golden altar of the Shining One.
  4496 | D:5      | Entered Level 5 of the Dungeon
  4636 | D:4      | Reached skill level 8 in Axes
  5326 | D:5      | Reached XP level 8. HP: 73/73 MP: 8/8
  5370 | D:5      | Noticed Grinder
  5491 | D:5      | Reached skill level 1 in Invocations
  5601 | D:5      | Reached skill level 5 in Shields
  5715 | D:5      | Found a radiant altar of Vehumet.
  5977 | D:5      | Reached *** piety under Beogh
  6091 | D:5      | Found a staircase to the Ecumenical Temple.
  6097 | Temple   | Entered the Ecumenical Temple
  6325 | D:6      | Reached skill level 9 in Axes
  6479 | D:6      | Found a shimmering altar of Xom.
  6738 | D:6      | Found a snail-covered altar of Cheibriados.
  7121 | D:6      | Found a shimmering altar of Xom.
  7398 | D:7      | Found Zeafuwn's General Store.
  7599 | D:7      | Reached skill level 5 in Invocations
  7624 | D:7      | Reached XP level 9. HP: 75/79 MP: 12/12
  7689 | D:7      | Reached skill level 10 in Axes
  8873 | D:8      | Noticed Maggie
  8965 | D:5      | Killed Grinder
  9096 | D:8      | Noticed a two-headed ogre
  9104 | D:8      | Noticed Gastronok
  9107 | D:8      | Killed a two-headed ogre
  9108 | D:8      | Reached skill level 11 in Axes
  9120 | D:8      | Killed Gastronok
  9121 | D:8      | Reached skill level 12 in Axes
  9121 | D:8      | Reached XP level 10. HP: 26/86 MP: 2/14
  9368 | D:8      | Killed Maggie
  9373 | D:8      | Reached skill level 13 in Axes
  9674 | D:8      | Found a staircase to the Lair.
  9923 | D:9      | Found a stormy altar of Qazlal.
  9923 | D:9      | Found a glowing silver altar of Zin.
  9924 | D:9      | Found an iron altar of Okawaru.
 10000 | D:9      | Reached skill level 10 in Shields
 10359 | D:9      | Reached **** piety under Beogh
 10641 | D:9      | Upgraded the game from 0.26-b1-52-g61e05abef2 to
                  | 0.26-b1-59-ge38874ec40
 10644 | D:10     | Entered Level 10 of the Dungeon
 11093 | D:10     | Reached skill level 14 in Axes
 11636 | D:10     | Killed an unseen horror
 11637 | D:10     | Reached XP level 11. HP: 76/92 MP: 16/16
 11970 | D:11     | Paralysed by a hornet for 3 turns
 11985 | D:11     | Reached skill level 1 in Armour
 12017 | D:11     | Noticed Josephine
 12020 | D:11     | Killed Josephine
 12069 | D:11     | You fall into a shaft and drop 1 floor!
 12082 | D:12     | Found a portal to a secret trove of treasure.
 12091 | D:11     | Noticed a two-headed ogre
 12097 | D:11     | Mangled by a two-headed ogre

Illustrated notes

Levels and vault maps discovered:
D:1:      minmay_arrival_solitary_statue, layout_loops_cross
D:2:      layout_loops_ring, uniq_robin
D:3:      layout_loops_ring, lemuel_coloured_pillars_altar,
          nemelex_xobeh_ov_fountains_minmay, uniq_terence, uniq_jessica
D:4:      layout_gridville, nicolae_tso_swordbearing_angel, kennysheep_nub
D:5:      minmay_spotlight, layout_loops_ring, minmay_temple_entry_fiery,
          st_stairs_6, wad_floor_pattern_1, lemuel_statue_altar, uniq_grinder
D:6:      minmay_octagon_keep, layout_cave_pools, slow_altar_1, kennysheep_mini,
          xom_confusion_cloud
D:7:      layout_loops_ring, serial_co_window_serial, co_window_corner_a,
          co_window_corner_a, co_window_paths_a, co_window_of_opportunity_a,
          co_window_cross_1, co_window_2corner, co_window_cross_2,
          co_window_2corner, co_window_unsneaky_path_a, co_window_broadway_a,
          co_window_corner_b, co_window_broadway_c, co_window_4corner_a,
          glass_columns_a, glass_columns_a, serial_shops, shop
D:8:      layout_rooms, grunt_lair_entry_orc_guard_hut, uniq_maggie,
          uniq_gastronok
D:9:      layout_stronghold, gammafunk_temple_overflow_claw, serial_shops, shop
D:10:     layout_gridville
D:11:     layout_loops_ring, portal_ice_cave_entry_pillars_2,
          ebering_ghost_funeral_grove, hive_lemuel, uniq_josephine
D:12:     layout_loops_cross, orc_0_dummy, enter_trove_0, minmay_another_anthill
Temple:   jpeg_temple_clearing

Skill      XL: |  1  2  3  4  5  6  7  8  9 10 11 |
---------------+----------------------------------+-----
Fighting       | 4 5 6 7 |  7.0
Axes           | 5 6 7 8 9 12 14 | 14.8
Shields        | 1 2 3 4 6 9 10 | 10.2
Invocations    | 5 6 7 8 |  8.3
Armour         | 2 |  2.1
Dodging        | |  2.4
Stealth        | |  1.5

Action                   |  1- 3 |  4- 6 |  7- 9 | 10-12 || total
-------------------------+-------+-------+-------+-------++-------
Melee: Hand axe          |   119 |   137 |   207 |       ||   463
       War axe           |       |       |   138 |   236 ||   374
 Fire: Hunting sling     |    31 |    70 |   132 |    25 ||   258
Throw: Stone             |     9 |     1 |     5 |       ||    15
       Dart              |       |    14 |     7 |       ||    21
Invok: Convert to Beogh  |       |     1 |       |       ||     1
       Smiting           |       |       |     4 |     8 ||    12
       Recall Orcish Fol |       |       |       |     1 ||     1
  Use: Scroll            |       |     6 |     8 |     3 ||    17
       Potion            |       |       |       |     1 ||     1
 Stab: Sleeping          |     4 |       |       |       ||     4
       Confused          |       |       |     1 |       ||     1
       Distracted        |       |       |       |     3 ||     3
Armor: Robe              |    11 |     5 |       |       ||    16
       Leather armour    |       |    22 |    58 |       ||    80
       Plate armour      |       |       |    49 |   107 ||   156
Dodge: Dodged            |    76 |    34 |    66 |    23 ||   199
Block: Tower shield      |       |    59 |   272 |   244 ||   575
